Map: Overgrowth LE (Void)

Players

pta

  • Race: Zerg Zerg
  • Spawn Location: 1:00

A.I. 1 (Medium)

  • Race: Terran Terran
  • Spawn Location: 7:00

VOD

Have the link to the VOD?

Description

Time

  • Played on: May 2, 2019, 8:52 a.m.
  • Length: 11:49
Show
View Real Time Build Order
Export as new Build Order

pta Zerg 

Build Orders: Pool First 

Get SALT Encoding   

  1  0:00  Protoss Air Armor Level 3, Ventral Sacs, Extended Thermal Lance, Zerg Flyer Weapons Level 3, Combat Shield, Protoss Ground Weapons Level 1, Adrenal Glands, Terran Ship Weapons Level 2, Protoss Air Weapons Level 3, Protoss Air Weapons Level 2, Terran Vehicle Armor Level 3, Behemoth Reactor, Chitinous Plating, Protoss Air Armor Level 2, Terran Ship Weapons Level 3, Protoss Ground Armor Level 2, Terran Vehicle Weapons Level 2, Terran Vehicle Weapons Level 1, Protoss Ground Armor Level 1, Terran Infantry Weapons Level 1, Protoss Shields Level 1, Terran Infantry Weapons Level 3, Protoss Ground Weapons Level 3, Terran Ship Weapons Level 1, Zerg Melee Weapons Level 1, Terran Ship Armor Level 1, Zerg Flyer Armor Level 1, Enduring Locusts, Protoss Ground Armor Level 3, Terran Vehicle Armor Level 1, Warp Gate, Burrow, Hi-Sec Auto Tracking, Blink, Stimpack, Protoss Shields Level 2, Pathogen Glands, Weapon Refit, Terran Ship Armor Level 2, Zerg Flyer Weapons Level 1, Psionic Storm, Zerg Ground Armor Level 1, Zerg Flyer Armor Level 3, Protoss Shields Level 3, Protoss Air Weapons Level 1, Neural Parasite, Graviton Catapult, Neosteel Armor, Metabolic Boost, Protoss Air Armor Level 1, Terran Vehicle Armor Level 2, Neosteel Frame, Zerg Missile Weapons Level 1, Personal Cloaking, Resonating Glaives, Zerg Missile Weapons Level 2, Gravitic Boosters, Durable Materials, Infernal Pre-Igniter, Zerg Flyer Armor Level 2, Zerg Ground Armor Level 2, Tunneling Claws, Muscular Augments x2, Terran Infantry Armor Level 3, Zerg Melee Weapons Level 2, Protoss Ground Weapons Level 2, Corvid Reactor, Terran Ship Armor Level 3, Cloaking Field, Zerg Missile Weapons Level 3, Zerg Ground Armor Level 3, Charge, Zerg Flyer Weapons Level 2, Gravitic Drive, Terran Vehicle Weapons Level 3, Centrifical Hooks, Terran Infantry Armor Level 1, Terran Infantry Weapons Level 2, Glial Reconstitution, Caduceus Reactor, Moebius Reactor, Zerg Melee Weapons Level 3, Terran Infantry Armor Level 2  
    0:12  Pneumatized Carapace, Concussive Shells  
    0:52  Overlord  
    0:55  Unknown x5  
    0:58  Drone x12  
    1:10  Unknown  
  12  1:40  Drone  
  13  1:48  Spawning Pool  
  12  2:08  Hatchery  
  11  2:19  Drone  
  12  2:25  Extractor  
  11  2:33  Extractor  
  11  2:34  Drone  
  11  2:35  Drone  
  12  2:37  Drone  
  12  2:41  Protoss Air Armor Level 3, Protoss Ground Weapons Level 3, Zerg Missile Weapons Level 3, Terran Infantry Armor Level 3, Protoss Shields Level 3, Terran Ship Armor Level 3, Terran Vehicle Weapons Level 3, Protoss Air Weapons Level 3, Protoss Ground Armor Level 3, Zerg Flyer Armor Level 3, Zerg Flyer Weapons Level 3, Zerg Ground Armor Level 3, Terran Ship Weapons Level 3, Terran Vehicle Armor Level 3, Zerg Melee Weapons Level 3, Terran Infantry Weapons Level 3  
  13  2:46  Drone  
  14  3:02  Protoss Shields Level 2, Protoss Ground Weapons Level 2, Zerg Melee Weapons Level 2, Zerg Flyer Weapons Level 2, Terran Ship Weapons Level 2, Zerg Missile Weapons Level 2, Protoss Air Weapons Level 2, Protoss Ground Armor Level 2, Terran Vehicle Armor Level 2, Protoss Air Armor Level 2, Terran Ship Armor Level 2, Terran Infantry Weapons Level 2, Terran Vehicle Weapons Level 2, Zerg Ground Armor Level 2, Zerg Flyer Armor Level 2, Terran Infantry Armor Level 2  
  14  3:17  Blink, Stimpack  
  14  3:24  Zerg Flyer Weapons Level 1, Zerg Missile Weapons Level 1, Protoss Ground Weapons Level 1, Protoss Air Weapons Level 1, Terran Infantry Armor Level 1, Terran Ship Armor Level 1, Zerg Flyer Armor Level 1, Zerg Melee Weapons Level 1, Protoss Air Armor Level 1, Zerg Ground Armor Level 1, Terran Infantry Weapons Level 1, Terran Vehicle Weapons Level 1, Protoss Ground Armor Level 1, Terran Vehicle Armor Level 1, Protoss Shields Level 1, Terran Ship Weapons Level 1  
  14  3:38  Charge, Weapon Refit, Extended Thermal Lance, Resonating Glaives, Neosteel Armor, Warp Gate  
  14  3:45  Adrenal Glands, Ventral Sacs  
  14  3:51  Enduring Locusts  
  14  3:52  Personal Cloaking  
  14  3:59  Neural Parasite, Combat Shield, Corvid Reactor, Psionic Storm, Chitinous Plating, Tunneling Claws, Metabolic Boost, Neosteel Frame, Centrifical Hooks, Durable Materials, Glial Reconstitution, Cloaking Field, Infernal Pre-Igniter  
  14  4:07  Burrow, Muscular Augments x2  
  14  4:21  Gravitic Drive, Hi-Sec Auto Tracking, Behemoth Reactor, Pathogen Glands, Gravitic Boosters, Caduceus Reactor, Graviton Catapult, Moebius Reactor  
  14  4:35  Protoss Air Armor Level 3, Protoss Ground Weapons Level 3, Zerg Missile Weapons Level 3, Terran Infantry Armor Level 3, Concussive Shells, Protoss Shields Level 3, Terran Ship Armor Level 3, Terran Vehicle Weapons Level 3, Protoss Air Weapons Level 3, Protoss Ground Armor Level 3, Zerg Flyer Armor Level 3, Pneumatized Carapace, Zerg Flyer Weapons Level 3, Zerg Ground Armor Level 3, Terran Ship Weapons Level 3, Terran Vehicle Armor Level 3, Zerg Melee Weapons Level 3, Terran Infantry Weapons Level 3  
  14  4:56  Protoss Shields Level 2, Protoss Ground Weapons Level 2, Zerg Melee Weapons Level 2, Zerg Flyer Weapons Level 2, Terran Ship Weapons Level 2, Zerg Missile Weapons Level 2, Protoss Air Weapons Level 2, Protoss Ground Armor Level 2, Terran Vehicle Armor Level 2, Protoss Air Armor Level 2, Terran Ship Armor Level 2, Terran Infantry Weapons Level 2, Terran Vehicle Weapons Level 2, Zerg Ground Armor Level 2, Zerg Flyer Armor Level 2, Terran Infantry Armor Level 2  
  16  5:11  Blink, Stimpack  
  16  5:14  Overlord  
  16  5:18  Zerg Flyer Weapons Level 1, Zerg Missile Weapons Level 1, Protoss Ground Weapons Level 1, Protoss Air Weapons Level 1, Terran Infantry Armor Level 1, Terran Ship Armor Level 1, Zerg Flyer Armor Level 1, Unknown x5, Zerg Melee Weapons Level 1, Protoss Air Armor Level 1, Zerg Ground Armor Level 1, Terran Infantry Weapons Level 1, Terran Vehicle Weapons Level 1, Protoss Ground Armor Level 1, Terran Vehicle Armor Level 1, Protoss Shields Level 1, Terran Ship Weapons Level 1  
  16  5:20  Drone x12  
    5:32  Charge, Weapon Refit, Extended Thermal Lance, Unknown, Resonating Glaives, Neosteel Armor, Warp Gate  
  12  5:39  Adrenal Glands, Ventral Sacs  
  13  5:45  Enduring Locusts  
  13  5:46  Personal Cloaking  
  13  5:53  Neural Parasite, Combat Shield, Corvid Reactor, Psionic Storm, Chitinous Plating, Tunneling Claws, Metabolic Boost, Neosteel Frame, Centrifical Hooks, Durable Materials, Glial Reconstitution, Cloaking Field, Infernal Pre-Igniter  
  13  6:01  Burrow, Muscular Augments x2  
  13  6:07  Drone  
  13  6:15  Gravitic Drive, Hi-Sec Auto Tracking, Behemoth Reactor, Pathogen Glands, Gravitic Boosters, Caduceus Reactor, Graviton Catapult, Moebius Reactor  
  13  6:29  Pneumatized Carapace, Concussive Shells  
  13  6:39  Spawning Pool  
  12  7:08  Overlord  
  12  7:12  Unknown x5  
  12  7:14  Drone x12  
    7:26  Unknown  
  12  7:32  Drone  
  13  8:02  Spawning Pool  
  12  8:42  Hatchery  
  11  8:50  Drone  
  12  8:57  Extractor  
  11  9:04  Extractor  
  11  9:08  Drone x2  
  12  9:16  Drone  
  14  9:37  Drone  
  14  9:51  Overlord  
  14  10:14  Queen  
  16  10:21  Drone  
  16  10:22  Drone  
  16  10:25  Drone  
  19  10:46  Roach Warren  
  18  10:52  Drone  
  19  11:02  Overlord  
  19  11:10  Drone  
Show
View Real Time Build Order
Export as new Build Order

A.I. 1 (Medium) Terran 

Build Orders: Banshee Rush 

Get SALT Encoding   

  1  0:00  Protoss Air Armor Level 3, Ventral Sacs, Extended Thermal Lance, Zerg Flyer Weapons Level 3, Combat Shield, Protoss Ground Weapons Level 1, Adrenal Glands, Terran Ship Weapons Level 2, Protoss Air Weapons Level 3, Protoss Air Weapons Level 2, Terran Vehicle Armor Level 3, Behemoth Reactor, Chitinous Plating, Protoss Air Armor Level 2, Terran Ship Weapons Level 3, Protoss Ground Armor Level 2, Terran Vehicle Weapons Level 2, Terran Vehicle Weapons Level 1, Protoss Ground Armor Level 1, Terran Infantry Weapons Level 1, Protoss Shields Level 1, Terran Infantry Weapons Level 3, Protoss Ground Weapons Level 3, Terran Ship Weapons Level 1, Zerg Melee Weapons Level 1, Terran Ship Armor Level 1, Zerg Flyer Armor Level 1, Enduring Locusts, Protoss Ground Armor Level 3, Terran Vehicle Armor Level 1, Warp Gate, Burrow, Hi-Sec Auto Tracking, Blink, Stimpack, Protoss Shields Level 2, Pathogen Glands, Weapon Refit, Terran Ship Armor Level 2, Zerg Flyer Weapons Level 1, Psionic Storm, Zerg Ground Armor Level 1, Zerg Flyer Armor Level 3, Protoss Shields Level 3, Protoss Air Weapons Level 1, Neural Parasite, Graviton Catapult, Neosteel Armor, Metabolic Boost, Protoss Air Armor Level 1, Terran Vehicle Armor Level 2, Neosteel Frame, Zerg Missile Weapons Level 1, Personal Cloaking, Resonating Glaives, Zerg Missile Weapons Level 2, Gravitic Boosters, Durable Materials, Infernal Pre-Igniter, Zerg Flyer Armor Level 2, Zerg Ground Armor Level 2, Tunneling Claws, Muscular Augments x2, Terran Infantry Armor Level 3, Zerg Melee Weapons Level 2, Protoss Ground Weapons Level 2, Corvid Reactor, Terran Ship Armor Level 3, Cloaking Field, Zerg Missile Weapons Level 3, Zerg Ground Armor Level 3, Charge, Zerg Flyer Weapons Level 2, Gravitic Drive, Terran Vehicle Weapons Level 3, Centrifical Hooks, Terran Infantry Armor Level 1, Terran Infantry Weapons Level 2, Glial Reconstitution, Caduceus Reactor, Moebius Reactor, Zerg Melee Weapons Level 3, Terran Infantry Armor Level 2  
    0:12  Pneumatized Carapace, Concussive Shells  
    0:55  Unknown x5  
    0:58  SCV x12  
    1:10  Unknown  
    1:11  SCV  
  13  1:23  SCV  
  14  1:30  Supply Depot  
  14  2:03  SCV, Command Center  
  15  2:16  SCV  
  15  2:21  Barracks  
  16  2:28  SCV  
  17  2:31  Refinery  
  17  2:40  SCV  
  17  2:41  Protoss Air Armor Level 3, Protoss Ground Weapons Level 3, Zerg Missile Weapons Level 3, Terran Infantry Armor Level 3, Protoss Shields Level 3, Terran Ship Armor Level 3, Terran Vehicle Weapons Level 3, Protoss Air Weapons Level 3, Protoss Ground Armor Level 3, Zerg Flyer Armor Level 3, Zerg Flyer Weapons Level 3, Zerg Ground Armor Level 3, Terran Ship Weapons Level 3, Terran Vehicle Armor Level 3, Zerg Melee Weapons Level 3, Terran Infantry Weapons Level 3  
  18  2:46  Supply Depot  
  18  3:02  Protoss Shields Level 2, Protoss Ground Weapons Level 2, Zerg Melee Weapons Level 2, Zerg Flyer Weapons Level 2, Terran Ship Weapons Level 2, Zerg Missile Weapons Level 2, Protoss Air Weapons Level 2, Protoss Ground Armor Level 2, Terran Vehicle Armor Level 2, Protoss Air Armor Level 2, Terran Ship Armor Level 2, Terran Infantry Weapons Level 2, Terran Vehicle Weapons Level 2, Zerg Ground Armor Level 2, Zerg Flyer Armor Level 2, Terran Infantry Armor Level 2  
  18  3:17  Blink, Stimpack  
  18  3:24  Zerg Flyer Weapons Level 1, Zerg Missile Weapons Level 1, Protoss Ground Weapons Level 1, Protoss Air Weapons Level 1, Terran Infantry Armor Level 1, Terran Ship Armor Level 1, Zerg Flyer Armor Level 1, Zerg Melee Weapons Level 1, Protoss Air Armor Level 1, Zerg Ground Armor Level 1, Terran Infantry Weapons Level 1, Terran Vehicle Weapons Level 1, Protoss Ground Armor Level 1, Terran Vehicle Armor Level 1, Protoss Shields Level 1, Terran Ship Weapons Level 1  
  18  3:38  Charge, Weapon Refit, Extended Thermal Lance, Resonating Glaives, Neosteel Armor, Warp Gate  
  18  3:45  Adrenal Glands, Ventral Sacs  
  18  3:51  Enduring Locusts  
  18  3:52  Personal Cloaking  
  18  3:59  Neural Parasite, Combat Shield, Corvid Reactor, Psionic Storm, Chitinous Plating, Tunneling Claws, Metabolic Boost, Neosteel Frame, Centrifical Hooks, Durable Materials, Glial Reconstitution, Cloaking Field, Infernal Pre-Igniter  
  18  4:07  Burrow, Muscular Augments x2  
  18  4:15  Barracks  
  18  4:21  Gravitic Drive, Hi-Sec Auto Tracking, Behemoth Reactor, Pathogen Glands, Gravitic Boosters, Caduceus Reactor, Graviton Catapult, Moebius Reactor  
  18  4:35  Protoss Air Armor Level 3, Protoss Ground Weapons Level 3, Zerg Missile Weapons Level 3, Terran Infantry Armor Level 3, Concussive Shells, Protoss Shields Level 3, Terran Ship Armor Level 3, Terran Vehicle Weapons Level 3, Protoss Air Weapons Level 3, Protoss Ground Armor Level 3, Zerg Flyer Armor Level 3, Pneumatized Carapace, Zerg Flyer Weapons Level 3, Zerg Ground Armor Level 3, Terran Ship Weapons Level 3, Terran Vehicle Armor Level 3, Zerg Melee Weapons Level 3, Terran Infantry Weapons Level 3  
  18  4:42  Barracks Tech Lab  
  18  4:49  Refinery  
  18  4:56  Protoss Shields Level 2, Protoss Ground Weapons Level 2, Zerg Melee Weapons Level 2, Zerg Flyer Weapons Level 2, Terran Ship Weapons Level 2, Zerg Missile Weapons Level 2, Protoss Air Weapons Level 2, Protoss Ground Armor Level 2, Terran Vehicle Armor Level 2, Protoss Air Armor Level 2, Terran Ship Armor Level 2, Terran Infantry Weapons Level 2, Terran Vehicle Weapons Level 2, Zerg Ground Armor Level 2, Zerg Flyer Armor Level 2, Terran Infantry Armor Level 2  
  19  5:11  Blink, Stimpack  
  20  5:16  Factory  
  20  5:18  Zerg Flyer Weapons Level 1, Zerg Missile Weapons Level 1, Protoss Ground Weapons Level 1, Protoss Air Weapons Level 1, Terran Infantry Armor Level 1, Terran Ship Armor Level 1, Zerg Flyer Armor Level 1, Unknown x5, Zerg Melee Weapons Level 1, Protoss Air Armor Level 1, Zerg Ground Armor Level 1, Terran Infantry Weapons Level 1, Terran Vehicle Weapons Level 1, Protoss Ground Armor Level 1, Terran Vehicle Armor Level 1, Protoss Shields Level 1, Terran Ship Weapons Level 1  
  20  5:20  SCV x12  
    5:32  Charge, Weapon Refit, Extended Thermal Lance, Unknown, Resonating Glaives, Neosteel Armor, Warp Gate  
  13  5:39  Adrenal Glands, Ventral Sacs  
  13  5:45  Enduring Locusts  
  13  5:46  Personal Cloaking  
  13  5:53  Neural Parasite, Combat Shield, Corvid Reactor, Psionic Storm, Chitinous Plating, Tunneling Claws, Metabolic Boost, Neosteel Frame, Centrifical Hooks, Durable Materials, Glial Reconstitution, Cloaking Field, Infernal Pre-Igniter  
  13  6:01  SCV, Burrow, Muscular Augments x2  
  13  6:13  SCV  
  13  6:15  Gravitic Drive, Hi-Sec Auto Tracking, Behemoth Reactor, Pathogen Glands, Gravitic Boosters, Caduceus Reactor, Graviton Catapult, Moebius Reactor  
  14  6:21  Supply Depot  
  14  6:29  Pneumatized Carapace, Concussive Shells  
  14  7:12  Unknown x5  
  14  7:14  SCV x12  
    7:26  Unknown  
    7:27  SCV  
  13  7:39  SCV  
  14  7:47  Supply Depot  
  15  7:51  SCV  
  15  8:09  SCV, Refinery  
  16  8:16  Refinery  
  16  8:21  SCV  
  16  8:25  Supply Depot  
  17  8:33  SCV  
  18  8:39  Barracks  
  18  8:50  SCV  
  19  9:02  SCV  
  20  9:14  SCV  
  23  9:40  SCV, Marine  
  23  9:49  Factory  
  23  9:58  Marine  
  24  10:12  Command Center  
  24  10:17  Barracks Tech Lab  
  24  10:34  Factory Tech Lab  
  24  10:41  Supply Depot  
  24  10:44  SCV  
  25  10:53  Siege Tank  
  25  10:57  SCV  
  29  11:03  Barracks  
  29  11:19  Factory  
  29  11:36  Starport  
Tags
 
Add a new tag
Caveats
  • Supply blocks, unpowered buildings, or Contaminate may cause inaccurate times.
  • Supply counts are checked every 10 seconds.